 Dungeon Crawl Stone Soup version 0.28.0 (console) character file.

Game seed: 10424055565231936431

50 beardedkeet the Grasshopper (level 3, -5/18 HPs)
             Began as a Spriggan Warper on Feb 16, 2022.
             Slain by Robin (8 damage)
             ... on level 3 of the Dungeon.
             The game lasted 00:24:58 (2662 turns).

beardedkeet the Grasshopper (Spriggan Warper)       Turns: 2662, Time: 00:24:58

Health: -5/18      AC:  0    Str:  7    XL:     3   Next: 55%
Magic:  8/8        EV: 15    Int: 16    God:
Gold:   40         SH:  0    Dex: 14    Spells: 2/7 levels left

rFire   . . .      SeeInvis +   (weapon currently unavailable)
rCold   . . .      Faith    .   (shield currently unavailable)
rNeg    . . .      Spirit   .   (armour currently unavailable)
rPois   .          Reflect  .   (helmet currently unavailable)
rElec   .          Harm     .   (cloak currently unavailable)
rCorr   .          Rampage  .   (gloves unavailable)
Will    .....                   (boots unavailable)
Stlth   +.........              (no amulet)
HPRegen 0.06/turn               (ring currently unavailable)
MPRegen 0.11/turn               (ring currently unavailable)

@: pig-form, very quick
A: fast, no casting, small, no large weapons, unfitting armour, see invisible,
(speed 3)
a: no special abilities


You were on level 3 of the Dungeon.
You were a filthy swine.
You visited 1 branch of the dungeon, and saw 3 of its levels.

You collected 40 gold pieces.

Inventory:

Hand Weapons
 c - a +0 dagger (melded)
Missiles
 e - 20 stones (quivered)
 i - 24 arrows
 j - 12 bolts
Armour
 b - a +1 robe (melded)
Potions
 a - a potion of curing {unknown}
 f - a potion of haste
 g - a potion of might {unknown}


   Skills:
 - Level 1.5 Fighting
 - Level 4.0 Short Blades
 - Level 1.0 Throwing
 - Level 3.2 Dodging
 - Level 2.6 Spellcasting
 + Level 5.0 Translocations


You had 2 spell levels left.
You knew the following spells:

 Your Spells              Type           Power      Damage    Failure   Level
a - Blink                 Tloc           36%        N/A       3%          2
b - Gell's Gravitas       Tloc           18%        N/A       7%          3

Your spell library contained the following spells:

 Spells                   Type           Power      Damage    Failure   Level
 Freeze                   Ice            8%         1d3       19%         1
 Sandblast                Erth           4%         2d4       19%         1
 Passwall                 Tmut/Erth      1%         N/A       28%         2
 Lesser Beckoning         Tloc           18%        N/A       7%          3
 Teleport Other           Tloc           18%        N/A       7%          3
 Confusing Touch          Hex            2%         N/A       50%         3
 Frozen Ramparts          Ice            4%         1d2       50%         3
 Stone Arrow              Conj/Erth      4%         3d7       50%         3
 Manifold Assault         Tloc           18%        N/A       54%         5
 Hailstorm                Conj/Ice       2%         3d3       88%         4
 Yara's Violent Unravell  Hex/Tmut       1%         3d3       99%         5
 Enfeeble                 Hex            1%         N/A       100%        7


Dungeon Overview and Level Annotations

Branches:
Dungeon (3/15)

Altars:

Shops:
D:2 (*:

Annotations:
D:2 Terence
D:3 Robin


Innate Abilities, Weirdness & Mutations

You are a filthy swine.
You move quickly.
Your equipment is almost entirely melded.
You are incapable of wielding weapons or throwing items.
You cannot cast spells.
You are very small and have problems with some larger weapons.
You are too small for most types of armour.
You have supernaturally acute eyesight. (SInv)
((You cover ground extremely quickly. (Speed+++)))


Message History

The goblin completely misses you.
You hit the goblin.
You kill the goblin!
Items here: )))) ÷ †.
Okay, then.
There is a stone staircase leading up here.
You can't go down here!
You climb upwards.
Level annotation: Robin, Terence Terence shouts!
The goblin unwields a +0 dagger.
The goblin wields a +0 hunting sling.
The goblin shoots a stone.
The stone completely misses you.
The stone hits Robin but does no damage.
Robin zaps a wand.
You turn into a filthy swine.
Your +0 dagger melds into your body.
Your +0 robe melds into your body.
There is a stone staircase leading down here.
You can't go up here!
The goblin shoots a stone.
The stone barely misses you.
The stone hits Robin.
Robin barely misses you.
You climb downwards.
There is a stone staircase leading up here.
You closely miss Robin.
Robin is moderately wounded.
You hit Robin but do no damage.
Robin is moderately wounded.
Robin closely misses you.
You hit Robin but do no damage.
Robin is moderately wounded.
Robin hits you with a +1 vampiric falchion.
You barely miss Robin.
Robin is moderately wounded.
Robin hits you with a +1 vampiric falchion!
Ouch! That really hurt!
* * * LOW HITPOINT WARNING * * *
Robin draws strength from your wounds!
Okay, then.
You can't do that in your present form.
Sorry, you're not good enough to have a special ability.
As you read the scroll labelled SYWKAX INGEO, it crumbles to dust.
It is a scroll of enchant armour.
Your +0 robe glows green for a moment.
Robin hits you with a +1 vampiric falchion!
You die... ###### #hg..# ####.# #

You could see Robin.

Vanquished Creatures
  An adder (D:2)
  2 dart slugs (D:1)
  2 endoplasms (D:1)
  3 giant cockroaches
  10 goblins
  A hobgoblin (D:3)
  6 jackals
  A ball python (D:1)
  2 bats (D:1)
  4 kobolds
  A rat (D:2)
33 creatures vanquished.

Vanquished Creatures (others)
  10 plants (D:1)
10 creatures vanquished.

Grand Total: 43 creatures vanquished

Notes
Turn   | Place    | Note
-------+----------+-------------------------------------------
     0 | D:1      | beardedkeet the Spriggan Warper began the quest for the
                  | Orb.
     0 | D:1      | Reached XP level 1. HP: 10/10 MP: 5/5
   599 | D:1      | Reached XP level 2. HP: 13/14 MP: 6/6
  1587 | D:1      | Learned a level 2 spell: Blink
  1741 | D:2      | Found Ridaos's Book Shop.
  1804 | D:2      | Found Isiama's Assorted Antiques.
  1809 | D:2      | Noticed Robin
  1870 | D:2      | Reached XP level 3. HP: 12/18 MP: 8/8
  1872 | D:2      | Noticed Terence
  1895 | D:3      | Learned a level 3 spell: Gell's Gravitas
  2215 | D:2      | Found Ycerhius's Weapon Emporium.
  2442 | D:3      | Reached skill level 5 in Translocations
  2662 | D:3      | Slain by Robin

Illustrated notes

Levels and vault maps discovered:
D:1:      minmay_arrival_split_and_join, layout_rooms, serial_bayou_lagoon_b
D:2:      layout_loops_ring, serial_shops,
          nicolae_shop_temple_entry_statues_fountains, nicolae_diamond_shop,
          shop, shop, shop, basic_ecumenical_altar, nrook_uturn, uniq_robin,
          uniq_jessica, uniq_terence
D:3:      layout_basic, grunt_temple_overflow_open, fedhas_altar_1

Skill      XL: |  1  2  3 |
---------------+----------+-----
Short Blades   | 3 4 |  4.0
Translocations | 5 |  5.0
Fighting       | |  1.5
Throwing       | |  1.0
Dodging        | |  3.2
Spellcasting   | |  2.6

Action                   || total
-------------------------++-------
Melee: Short sword       ||    56
       Punch             ||     4
       Dagger            ||   159
       Unarmed           ||     4
Throw: Stone             ||    31
       Boomerang         ||     5
 Cast: Gell's Gravitas   ||     1
  Use: Scroll            ||     3
Armor: Robe              ||    19
Dodge: Dodged            ||   164
